 Dungeon Crawl Stone Soup version 0.29-a0-1009-g60c99734e7 (webtiles) character file.

Game seed: 15918475388016738605

22 2tc the Digger (level 2, -1/17 HPs)
             Began as an Octopode Earth Elementalist on Aug 8, 2022.
             Slain by a goblin
             ... wielding a +0 club
             ... led by Robin
              (6 damage)
             ... on level 2 of the Dungeon.
             The game lasted 00:03:08 (905 turns).

2tc the Digger (Octopode Earth Elementalist)         Turns: 905, Time: 00:03:09

Health: -1/17      AC:  1    Str:  7    XL:     2   Next: 91%
Magic:  2/5        EV: 13    Int: 17    God:
Gold:   69         SH:  0    Dex: 12    Spells: 4/5 levels left

rFire   . . .      SeeInvis .   b - +0 dagger (venom)
rCold   . . .      Faith    .   (no shield)
rNeg    . . .      Spirit   .   (helmet restricted)
rPois   .          Reflect  .   (no amulet)
rElec   .          Harm     .   (no ring)
rCorr   .          Rampage  .   (no ring)
Will    .....                   (no ring)
Stlth   +++.......              (no ring)
HPRegen 0.05/turn               (no ring)
MPRegen 0.09/turn               (no ring)
                                (no ring)
                                (no ring)

@: no status effects
A: almost no armour, amphibious, 8 rings, camouflage 1, gelatinous body 1,
(nimble swimmer 1), tentacles
a: no special abilities


You were on level 2 of the Dungeon.
You visited 1 branch of the dungeon, and saw 2 of its levels.

You collected 69 gold pieces.

Inventory:

Hand Weapons
 b - a +0 dagger of venom (weapon)
Magical Staves
 c - a staff of air
Potions
 a - a potion of magic
 e - a potion of might {unknown}


   Skills:
 - Level 2.0 Dodging
 - Level 2.6 Stealth
 - Level 2.0 Spellcasting
 - Level 1.0 Transmutations
 * Level 4.0 Earth Magic


You had 4 spell levels left.
You knew the following spells:

 Your Spells              Type           Power      Damage    Failure   Level
a - Sandblast             Erth           30%        2d9       3%          1

Your spell library contained the following spells:

 Spells                   Type           Power      Damage    Failure   Level
 Passwall                 Tmut/Erth      8%         N/A       11%         2
 Stone Arrow              Conj/Erth      16%        3d8       26%         3
 Petrify                  Tmut/Erth      10%        N/A       56%         4


Dungeon Overview and Level Annotations

Branches:
Dungeon (2/15)

Altars:

Annotations:
D:2 Robin


Innate Abilities, Weirdness & Mutations

You cannot wear most types of armour.
You are amphibious.
You can wear up to eight rings at the same time.
Your skin changes colour to match your surroundings (Stealth+).
Your rubbery body absorbs attacks. (AC +1, EV +1)
((You are camouflaged when in or above water. (Stealth+)))
You have tentacles for arms and can constrict up to eight enemies at once.


Message History

The goblin closely misses you.
Robin roars a battlecry!
The goblin goes into a battle-frenzy!
You hear a shout!
You barely miss the goblin. You grab the goblin. You squeeze the goblin.
The goblin is severely wounded.
You constrict the goblin, but do no damage.
The goblin hits you with a +0 dagger.
You hit the goblin but do no damage.
The goblin is poisoned.
You squeeze the goblin.
You kill the goblin!
Robin says, "Bow before me, strongest of all the hobgoblins!"
Robin roars a battlecry!
You hear a shout!
The blast of sand hits Robin!
Robin is moderately wounded.
Robin closely misses you. Robin barely misses you.
The blast of sand hits Robin but does no damage.
Robin is moderately wounded.
Robin says, "Kneel, worm!"
Robin closely misses you. Robin misses you.
The blast of sand hits Robin!
Robin is almost dead.
Robin drinks a potion.
Robin is healed!
Robin throws the goblin at you!
Robin drinks a potion.
Robin is healed!
Things that are here:
a +0 dagger; a +0 club You barely miss Robin.
Your grab misses Robin.
Robin is lightly wounded.
The goblin completely misses you.
You barely miss Robin. You grab Robin.
Robin is lightly wounded.
You constrict Robin, but do no damage. Robin hits you with a +0 spear.
The goblin hits you with a +0 club.
* * * LOW HITPOINT WARNING * * *
You hit Robin.
Robin is poisoned.
You squeeze Robin, but do no damage.
Robin is moderately wounded.
You constrict Robin. Robin barely misses you.
The goblin hits you with a +0 club.
You die...

#.....# #.......##
.. ##.####
#.......#####gg..
#.#
#.......#g..)gg.g
#.# #########g#
###.############
#)#
......##.......#
#g#
.##.#.##.#####.#
#.#
#....#.#####.###g#
#......##....g@gg#
##+..'###.##.#####
#....# # ...#
♣....♣ #####
♣♣...♣ ♣♣.♣♣ ♣♣. ♣


You could see Robin (very poisoned), a hobgoblin (strong) and 2 goblins.

Vanquished Creatures
  A worm (D:2)
  An endoplasm (D:2)
  A giant cockroach (D:2)
  8 goblins
  2 hobgoblins (D:2)
  2 ball pythons (D:1)
  A frilled lizard (D:1)
  A kobold (D:1)
17 creatures vanquished.

Notes
Turn   | Place    | Note
-------+----------+-------------------------------------------
     0 | D:1      | 2tc the Octopode Earth Elementalist began the quest for the
                  | Orb.
     0 | D:1      | Reached XP level 1. HP: 11/11 MP: 3/3
   680 | D:2      | Reached XP level 2. HP: 17/17 MP: 5/5
   878 | D:2      | Noticed Robin
   896 | D:2      | Reached skill level 4 in Earth Magic
   905 | D:2      | Slain by a goblin

Illustrated notes

Levels and vault maps discovered:
D:1:      minmay_arrival_open_corners, layout_loops_cross,
          chequers_serial_rivers_room_a
D:2:      layout_loops_cross, serial_shops, shop, dreamdust_mushroom_princess,
          uniq_robin, uniq_crazy_yiuf_cottage

Skill      XL: |  1  2 |
---------------+-------+-----
Earth Magic    | 4 |  4.0
Dodging        | |  2.0
Stealth        | |  2.6
Spellcasting   | |  2.0
Transmutations | |  1.0

Action                   || total
-------------------------++-------
Melee: Dagger            ||    16
       Unarmed           ||     1
       Tentacles         ||     4
       Constrict         ||     3
 Cast: Sandblast         ||    14
  Use: Scroll            ||     3
       Potion            ||     1
 Stab: Sleeping          ||     3
Armor: Skin              ||     2
Dodge: Dodged            ||    11

Table legend: (Time is in decaauts)
 A = Elapsed time spent in this place.
 B = Non-inter-level travel time spent in this place.
 C = Inter-level travel time spent in this place.
 D = Time resting spent in this place.
 E = Time spent auto-exploring this place.
 F = Levels seen in this place.
 G = Mean time per level.
                   A        B        C        D        E       F      G
               +--------+--------+--------+--------+--------+-----+--------+
         Total |    918 |    884 |     34 |      0 |    757 |   2 |  459.0 |
       Dungeon |    918 |    884 |     34 |      0 |    757 |   2 |  459.0 |
               +--------+--------+--------+--------+--------+-----+--------+

Top non-repeatable levels by time:
     D:1: 680 daAuts
     D:2: 237 daAuts
